Admirals NSH vs Checkers

Created - Monday, February 22, 2016 at 03:06

Goals
1 2 3 T
Admirals NSH 0 0 0 0
Checkers 1 0 0 1
Shots
1 2 3 T
Admirals NSH 10 8 6 24
Checkers 7 14 6 27

1st period

1. Checkers , Michael Bournival 23 (Ben Chiarot, Brandon Mashinter) at 18:56 (PP)

Penalties :
Julien Brouillette (CHA) for Fighting (Major) at 1:59, Mike Blunden (MIL) for Fighting (Major) at 1:59, Josh Gratton (CHA) for Fighting (Major) at 2:45, Brad Winchester (MIL) for Fighting (Major) at 2:45, Brad Winchester (MIL) for instigated a fight (Minor) at 2:45, Brad Winchester (MIL) for instigated a fight (10 Minutes Misconduct) at 2:45, Fredrik Claesson (MIL) for Interference (Minor) at 18:42

2nd period

No Goal

Penalties :
Jason Chimera (CHA) for Hooking (Minor) at 0:41, Josh Gratton (CHA) for Fighting (Major) at 5:25, Michael Pelech (MIL) for Fighting (Major) at 5:25, Domenic Monardo (CHA) for Slashing (Minor) at 13:27

3rd period

No Goal

Penalties :
Johan Gustafsson (MIL) for Slashing (Minor) at 2:09 - Mike Blunden served the penalty, Josh Gratton (CHA) for Holding (Minor) at 17:39

Goalie Stats

Johan Gustafsson (MIL), 26 saves from 27 shots - (0.963), L, 14-4-9, 59:07 minutes
Drew MacIntyre (CHA), 24 saves from 24 shots - (1.000), W, 41-9-15, 60:00 minutes

Players Stats for Admirals NSH

Player Name              G  A  P  +/- PIM S  H  SB GA TA FO     MP     PP MP  PK MP  
------------------------------------------------------------------------------------
Allan McPherson          0  0  0   0  0   0  1  0  0  0  2/5    15:49   0:22   1:41 
Andrew Desjardins        0  0  0   0  0   2  0  0  0  0  6/8    18:39   2:45   1:19 
Brad Winchester          0  0  0   0  17  3  2  0  3  0  2/3    16:49   2:34   1:18 
Brody Sutter             0  0  0   0  0   2  3  0  3  0  8/11   18:15   3:13   0:41 
Cameron Schilling        0  0  0   0  0   0  0  1  0  3  0/0    15:59   0:00   0:00 
Frazer McLaren           0  0  0   0  0   3  2  0  0  0  0/1    13:03   0:10   0:08 
Frederic St. Denis       0  0  0   0  0   0  0  1  0  1  0/0     8:18   0:00   0:00 
Fredrik Claesson         0  0  0   0  2   0  0  2  0  2  0/0    25:06   2:44   1:08 
Jamie Wise               0  0  0   0  0   3  1  0  2  0  0/1    13:03   0:00   0:00 
Michael Pelech           0  0  0   0  5   3  1  0  1  0  3/4    17:03   2:22   2:36 
Mike Blunden             0  0  0   0  5   1  3  0  2  2  0/0    18:50   0:00   0:00 
Nikita Nesterov          0  0  0   0  0   2  0  3  2  2  0/0    19:49   2:44   1:08 
Oliver Lauridsen         0  0  0   0  0   0  0  0  0  0  0/0     1:23   0:00   0:00 
Paul Bissonnette         0  0  0   0  0   0  0  0  0  0  0/0     5:33   0:22   0:00 
Pierre-Cedric Labrie     0  0  0   0  0   0  1  0  1  1  0/1    17:49   3:13   0:41 
Tim Gleason              0  0  0   0  0   3  0  3  1  2  0/0    26:18   3:13   3:04 
Victor Bartley           0  0  0   0  0   1  1  3  2  2  0/0    25:54   3:13   3:04 
Wade Megan               0  0  0   0  0   1  1  1  0  0  4/5    17:59   2:50   0:00 

Players Stats for Checkers

Player Name              G  A  P  +/- PIM S  H  SB GA TA FO     MP     PP MP  PK MP  
------------------------------------------------------------------------------------
Aaron Ness               0  0  0   0  0   2  1  0  0  0  0/0    20:10   0:00   4:08 
Alexey Marchenko         0  0  0   0  0   5  1  0  1  1  0/0    19:24   1:59   0:00 
Andrew Ebbett            0  0  0   0  0   0  0  1  3  0  2/10   18:23   2:06   1:43 
Andrew Gordon            0  0  0   0  0   2  1  1  0  0  1/1    15:11   2:06   0:00 
Ben Chiarot              0  1  1   0  0   3  1  1  2  1  0/0    18:05   1:59   0:00 
Brandon Mashinter        0  1  1   0  0   3  0  0  0  0  0/0    14:21   2:06   0:00 
Domenic Monardo          0  0  0   0  2   0  1  2  1  0  2/8    16:26   0:00   2:12 
Jason Chimera            0  0  0   0  2   0  2  0  3  0  0/0    15:44   2:06   0:00 
Jim O'Brien              0  0  0   0  0   1  0  0  1  0  1/2    14:22   2:06   0:27 
Josh Gratton             0  0  0   0  12  0  0  0  0  0  0/0     7:45   0:00   0:00 
Julien Brouillette       0  0  0   0  5   1  0  0  0  3  0/0    17:51   0:00   4:08 
Michael Bournival        1  0  1   0  0   5  1  0  3  0  1/5    15:51   2:06   0:00 
Peter Harrold            0  0  0   0  0   0  3  2  2  4  0/0    21:44   2:13   1:49 
Petteri Lindbohm         0  0  0   0  0   0  2  4  1  1  0/0    22:43   2:13   1:49 
Sean Backman             0  0  0   0  0   3  2  0  0  1  0/0    13:38   0:00   2:10 
Triston Grant            0  0  0   0  0   0  1  0  0  1  0/0    13:02   0:00   0:00 
Wacey Hamilton           0  0  0   0  0   2  2  1  1  0  7/11   14:36   0:00   2:41 
Willie Coetzee           0  0  0   0  0   0  0  0  0  0  0/2    14:36   0:00   2:41 

3 Stars

1 - Drew MacIntyre (CHA)
2 - Johan Gustafsson (MIL)
3 - Michael Bournival (CHA)

Power Play

Admirals NSH - 0 on 3 Attempt(s) - 0.00%
Checkers - 1 on 3 Attempt(s) - 33.33%

Penalty Kill

Admirals NSH - 2 on 3 Attempt(s) - 66.67% - Score 0 goal in Penalty Kill
Checkers - 3 on 3 Attempt(s) - 100.00% - Score 0 goal in Penalty Kill

Team Stat

Admirals NSH - Hits : 16 - Faceoff Wins : 25 - Blocked Shots : 14 - Penalty Minutes : 29
Checkers - Hits : 18 - Faceoff Wins : 14 - Blocked Shots : 12 - Penalty Minutes : 21

Official

Referees : Unknown
Linesman : Unknown

Game Notes

Julien Brouillette and Mike Blunden fight to a draw at 1:59 of 1st period
Josh Gratton and Brad Winchester fight to a draw at 2:45 of 1st period
Josh Gratton and Michael Pelech fight to a draw at 5:25 of 2nd period
Sean Backman is injured at 9:38 of 3rd period (Right Leg)

Finance

Level 1 -- Attendance: 1501 (75.05%) -- Ticket Income $48,032
Level 2 -- Attendance: 688 (68.80%) -- Ticket Income $8,256
Total Attendance: 2189 (72.97%)
Total Ticket Income: $56,288
Other Income: $27,581
Total Income: $83,869

Admirals NSH

5 vs 5 Forward 
   Center                   Left Wing                Right Wing               Time % Phy DF OF 
 1 Andrew Desjardins        Brad Winchester          Michael Pelech           27     1   2  2  
 2 Brody Sutter             Pierre-Cedric Labrie     Mike Blunden             27     1   2  2  
 3 Wade Megan               Jamie Wise               Mike Blunden             27     1   2  2  
 4 Allan McPherson          Frazer McLaren           Brad Winchester          19     1   2  2  

5 vs 5 Defense 
   Defense                  Defense                                           Time % Phy DF OF 
 1 Tim Gleason              Victor Bartley                                    27     1   2  2  
 2 Fredrik Claesson         Nikita Nesterov                                   27     1   2  2  
 3 Fredrik Claesson         Cameron Schilling                                 27     1   2  2  
 4 Victor Bartley           Tim Gleason                                       19     1   2  2  

PowerPlay Forward 
   Center                   Left Wing                Right Wing               Time % Phy DF OF 
 1 Andrew Desjardins        Brad Winchester          Michael Pelech           60     1   2  2  
 2 Brody Sutter             Pierre-Cedric Labrie     Wade Megan               40     1   2  2  

PowerPlay Defense
   Defense                  Defense                                           Time % Phy DF OF 
 1 Tim Gleason              Victor Bartley                                    60     1   2  2  
 2 Fredrik Claesson         Nikita Nesterov                                   40     1   2  2  

Penalty Kill 4 Players Forward 
   Center                   Wing                     Time % Phy DF OF 
 1 Michael Pelech           Brad Winchester          60     1   2  2  
 2 Brody Sutter             Pierre-Cedric Labrie     40     1   2  2  

Penalty Kill 4 Players Defense
   Defense                  Defense                  Time % Phy DF OF 
 1 Tim Gleason              Victor Bartley           60     1   2  2  
 2 Fredrik Claesson         Nikita Nesterov          40     1   2  2  

Penalty Kill - 3 Players Forward 
   Forward                                           Time % Phy DF OF 
 1 Brody Sutter                                      60     1   2  2  
 2 Brad Winchester                                   40     1   2  2  

Penalty Kill - 3 Players Defense
   Defense                  Defense                  Time % Phy DF OF 
 1 Tim Gleason              Victor Bartley           60     1   2  2  
 2 Fredrik Claesson         Nikita Nesterov          40     1   2  2  

4 vs 4 Forward 
   Center                   Wing                     Time % Phy DF OF 
 1 Michael Pelech           Brad Winchester          60     1   2  2  
 2 Brody Sutter             Pierre-Cedric Labrie     40     1   2  2  

4 vs 4 Defense
   Defense                  Defense                  Time % Phy DF OF 
 1 Tim Gleason              Victor Bartley           60     1   2  2  
 2 Cameron Schilling        Nikita Nesterov          40     1   2  2  

Last Minutes Offensive
   Center                   Left Wing                Right Wing               Defense                  Defense                  
   Andrew Desjardins        Brad Winchester          Michael Pelech           Tim Gleason              Victor Bartley           

Last Minutes Defensive
   Center                   Left Wing                Right Wing               Defense                  Defense                  
   Andrew Desjardins        Brad Winchester          Michael Pelech           Tim Gleason              Victor Bartley           

Goaltenders
Starting : Johan Gustafsson         
Backup : Chad Johnson             

Extra Forwards
Normal : Brad Winchester, Wade Megan, Allan McPherson - PP : Brad Winchester, Wade Megan - PK : Allan McPherson
Extra Defensemen
Normal : Fredrik Claesson, Cameron Schilling, Victor Bartley - PP : Fredrik Claesson - PK : Cameron Schilling, Tim Gleason
Penalty Shots
Wade Megan, Brad Winchester, Brody Sutter, Pierre-Cedric Labrie, Michael Pelech

Checkers

5 vs 5 Forward 
   Center                   Left Wing                Right Wing               Time % Phy DF OF 
 1 Andrew Ebbett            Jason Chimera            Jim O'Brien              28     1   1  3  
 2 Michael Bournival        Brandon Mashinter        Andrew Gordon            27     1   1  3  
 3 Domenic Monardo          Triston Grant            Sean Backman             25     1   2  2  
 4 Wacey Hamilton           Josh Gratton             Willie Coetzee           20     1   2  2  

5 vs 5 Defense 
   Defense                  Defense                                           Time % Phy DF OF 
 1 Peter Harrold            Petteri Lindbohm                                  35     1   2  2  
 2 Ben Chiarot              Alexey Marchenko                                  35     1   2  2  
 3 Aaron Ness               Julien Brouillette                                30     1   2  2  
 4 Peter Harrold            Petteri Lindbohm                                  0      1   2  2  

PowerPlay Forward 
   Center                   Left Wing                Right Wing               Time % Phy DF OF 
 1 Andrew Ebbett            Jason Chimera            Jim O'Brien              50     0   1  4  
 2 Michael Bournival        Brandon Mashinter        Andrew Gordon            50     0   1  4  

PowerPlay Defense
   Defense                  Defense                                           Time % Phy DF OF 
 1 Peter Harrold            Petteri Lindbohm                                  50     0   1  4  
 2 Alexey Marchenko         Ben Chiarot                                       50     0   1  4  

Penalty Kill 4 Players Forward 
   Center                   Wing                     Time % Phy DF OF 
 1 Wacey Hamilton           Willie Coetzee           50     0   4  1  
 2 Domenic Monardo          Sean Backman             50     0   4  1  

Penalty Kill 4 Players Defense
   Defense                  Defense                  Time % Phy DF OF 
 1 Aaron Ness               Julien Brouillette       50     0   4  1  
 2 Peter Harrold            Petteri Lindbohm         50     0   4  1  

Penalty Kill - 3 Players Forward 
   Forward                                           Time % Phy DF OF 
 1 Wacey Hamilton                                    50     0   5  0  
 2 Domenic Monardo                                   50     0   5  0  

Penalty Kill - 3 Players Defense
   Defense                  Defense                  Time % Phy DF OF 
 1 Aaron Ness               Julien Brouillette       50     0   5  0  
 2 Peter Harrold            Petteri Lindbohm         50     0   5  0  

4 vs 4 Forward 
   Center                   Wing                     Time % Phy DF OF 
 1 Andrew Ebbett            Jason Chimera            50     1   2  2  
 2 Michael Bournival        Andrew Gordon            50     1   2  2  

4 vs 4 Defense
   Defense                  Defense                  Time % Phy DF OF 
 1 Peter Harrold            Petteri Lindbohm         50     1   2  2  
 2 Alexey Marchenko         Ben Chiarot              50     1   2  2  

Last Minutes Offensive
   Center                   Left Wing                Right Wing               Defense                  Defense                  
   Andrew Ebbett            Jason Chimera            Michael Bournival        Peter Harrold            Ben Chiarot              

Last Minutes Defensive
   Center                   Left Wing                Right Wing               Defense                  Defense                  
   Andrew Ebbett            Jason Chimera            Michael Bournival        Peter Harrold            Ben Chiarot              

Goaltenders
Starting : Drew MacIntyre           
Backup : FARM GOALIE13            

Extra Forwards
Normal : Andrew Ebbett, Jason Chimera, Michael Bournival - PP : Andrew Ebbett, Jason Chimera - PK : Andrew Ebbett
Extra Defensemen
Normal : Alexey Marchenko, Ben Chiarot, Petteri Lindbohm - PP : Alexey Marchenko - PK : Alexey Marchenko, Ben Chiarot
Penalty Shots
Andrew Ebbett, Jim O'Brien, Andrew Gordon, Brandon Mashinter, Domenic Monardo

% Time on Ice - Admirals NSH

Lines # - Real PCT - Wanted PCT - Time Play
Normal Forward
1 - 25% - 27% - 12:31
2 - 26% - 27% - 13:06
3 - 26% - 27% - 13:03
4 - 22% - 19% - 11:11
Normal Defense
1 - 26% - 27% - 12:52
2 - 31% - 27% - 15:30
3 - 29% - 27% - 14:20
4 - 14% - 19% - 7:09
PP Forward
1 - 46% - 60% - 2:44
2 - 54% - 40% - 3:13
PP Defense
1 - 54% - 60% - 3:13
2 - 46% - 40% - 2:44
PK Forward
1 - 84% - 60% - 3:31
2 - 16% - 40% - 0:41
PK Defense
1 - 73% - 60% - 3:04
2 - 27% - 40% - 1:08
PK3 Forward
1 - 0% - 60%
2 - 0% - 40%
PK3 Defense
1 - 0% - 60%
2 - 0% - 40%
44 Forward
1 - 0% - 60%
2 - 0% - 40%
44 Defense
1 - 0% - 60%
2 - 0% - 40%
Last Minute Offensive  - 0:00
Last Minute Defensive  - 0:00
Total
Forward - 60:00
Defense - 60:00

% Time on Ice - Checkers

Lines # - Real PCT - Wanted PCT - Time Play
Normal Forward
1 - 23% - 28% - 11:31
2 - 26% - 27% - 13:04
3 - 26% - 25% - 13:03
4 - 24% - 20% - 11:55
Normal Defense
1 - 35% - 35% - 17:14
2 - 34% - 35% - 16:55
3 - 31% - 30% - 15:24
4 - 0% - 0% - 0:00
PP Forward
1 - 50% - 50% - 2:06
2 - 50% - 50% - 2:06
PP Defense
1 - 53% - 50% - 2:13
2 - 47% - 50% - 1:59
PK Forward
1 - 45% - 50% - 2:41
2 - 55% - 50% - 3:16
PK Defense
1 - 69% - 50% - 4:08
2 - 31% - 50% - 1:49
PK3 Forward
1 - 0% - 50%
2 - 0% - 50%
PK3 Defense
1 - 0% - 50%
2 - 0% - 50%
44 Forward
1 - 0% - 50%
2 - 0% - 50%
44 Defense
1 - 0% - 50%
2 - 0% - 50%
Last Minute Offensive  - 0:00
Last Minute Defensive  - 0:18
Total
Forward - 60:00
Defense - 60:00

Play by Play

1st period


0:01 of 1st period - Andrew Desjardins wins face-off versus Andrew Ebbett in neutral zone.
0:30 of 1st period - Michael Pelech is hit by Peter Harrold and loses puck.
1:12 of 1st period - Cameron Schilling is hit by Peter Harrold and loses puck.
1:19 of 1st period - Snap shot by Brody Sutter.
1:19 of 1st period - Stopped by Drew MacIntyre with a rebound.
1:33 of 1st period - Icing by Fredrik Claesson.
1:34 of 1st period - Domenic Monardo wins face-off versus Allan McPherson in Admirals NSH zone.
1:37 of 1st period - Snap shot by Ben Chiarot.
1:37 of 1st period - Deflect By Domenic Monardo.
1:37 of 1st period - Shot Blocked by Fredrik Claesson.
1:37 of 1st period - Puck is out of play.
1:38 of 1st period - Allan McPherson wins face-off versus Domenic Monardo in Admirals NSH zone.
1:44 of 1st period - Wrist shot by Frazer McLaren.
1:44 of 1st period - Stopped by Drew MacIntyre without a rebound.
1:45 of 1st period - Domenic Monardo wins face-off versus Allan McPherson in Checkers zone.
1:58 of 1st period - Slapshot by Alexey Marchenko.
1:58 of 1st period - Stopped by Johan Gustafsson without a rebound.
1:59 of 1st period - Wade Megan wins face-off versus Wacey Hamilton in Admirals NSH zone.
1:59 of 1st period - Julien Brouillette and Mike Blunden fight to a draw.
1:59 of 1st period - Penalty to Julien Brouillette for Fighting.
1:59 of 1st period - Penalty to Mike Blunden for Fighting.
2:00 of 1st period - Wade Megan wins face-off versus Willie Coetzee in Admirals NSH zone.
2:08 of 1st period - Off-side.
2:09 of 1st period - Brad Winchester wins face-off versus Wacey Hamilton in neutral zone.
2:16 of 1st period - Snap shot by Brad Winchester.
2:16 of 1st period - Deflect By Jamie Wise.
2:16 of 1st period - Stopped by Drew MacIntyre without a rebound.
2:17 of 1st period - Wacey Hamilton wins face-off versus Wade Megan in Checkers zone.
2:42 of 1st period - Slapshot by Tim Gleason.
2:42 of 1st period - Shot Misses the Net.
2:44 of 1st period - Slapshot by Tim Gleason.
2:44 of 1st period - Stopped by Drew MacIntyre with a rebound.
2:45 of 1st period - Josh Gratton and Brad Winchester fight to a draw.
2:45 of 1st period - Penalty to Josh Gratton for Fighting.
2:45 of 1st period - Penalty to Brad Winchester for Fighting.
2:45 of 1st period - Penalty to Brad Winchester for instigated a fight.
2:45 of 1st period - Penalty to Brad Winchester for instigated a fight.
2:46 of 1st period - Andrew Ebbett wins face-off versus Michael Pelech in Checkers zone.
3:48 of 1st period - Nikita Nesterov is hit by Michael Bournival and loses puck.
4:01 of 1st period - Slapshot by Alexey Marchenko.
4:01 of 1st period - Stopped by Johan Gustafsson without a rebound.
4:02 of 1st period - Michael Pelech wins face-off versus Andrew Ebbett in Admirals NSH zone.
4:45 of 1st period - Penalty to Brad Winchester is over, Allan McPherson is send on ice.
4:53 of 1st period - Pierre-Cedric Labrie is hit by Alexey Marchenko and loses puck.
5:22 of 1st period - Wrist shot by Jamie Wise.
5:22 of 1st period - Stopped by Drew MacIntyre with a rebound.
5:24 of 1st period - Slapshot by Victor Bartley.
5:24 of 1st period - Shot Misses the Net.
5:26 of 1st period - Slapshot by Tim Gleason.
5:26 of 1st period - Shot Misses the Net.
5:28 of 1st period - Slapshot by Victor Bartley.
5:28 of 1st period - Shot Blocked by Petteri Lindbohm.
5:30 of 1st period - Slapshot by Tim Gleason.
5:30 of 1st period - Stopped by Drew MacIntyre with a rebound.
5:32 of 1st period - Wrist shot by Andrew Desjardins.
5:32 of 1st period - Stopped by Drew MacIntyre with a rebound.
5:34 of 1st period - Snap shot by Tim Gleason.
5:34 of 1st period - Shot Misses the Net.
6:26 of 1st period - Brody Sutter is hit by Aaron Ness and loses puck.
6:35 of 1st period - Slapshot by Cameron Schilling.
6:35 of 1st period - Shot Misses the Net.
7:00 of 1st period - Frazer McLaren is hit by Peter Harrold and loses puck.
7:39 of 1st period - Peter Harrold is hit by Brody Sutter and loses puck.
7:48 of 1st period - Ben Chiarot is hit by Brody Sutter and loses puck.
8:13 of 1st period - Michael Pelech is hit by Ben Chiarot and loses puck.
9:02 of 1st period - Snap shot by Andrew Gordon.
9:02 of 1st period - Shot Misses the Net.
9:08 of 1st period - Michael Bournival is hit by Frazer McLaren and loses puck.
9:25 of 1st period - Snap shot by Nikita Nesterov.
9:25 of 1st period - Shot Misses the Net.
9:55 of 1st period - Wrist shot by Sean Backman.
9:55 of 1st period - Shot Misses the Net.
9:57 of 1st period - Slapshot by Aaron Ness.
9:57 of 1st period - Shot Blocked by Victor Bartley.
9:59 of 1st period - Slapshot by Julien Brouillette.
9:59 of 1st period - Shot Misses the Net.
10:33 of 1st period - Julien Brouillette is hit by Frazer McLaren and loses puck.
11:40 of 1st period - Snap shot by Andrew Ebbett.
11:40 of 1st period - Shot Blocked by Nikita Nesterov.
11:46 of 1st period - Snap shot by Jason Chimera.
11:46 of 1st period - Shot Blocked by Nikita Nesterov.
11:48 of 1st period - Slapshot by Aaron Ness.
11:48 of 1st period - Shot Blocked by Wade Megan.
11:50 of 1st period - Slapshot by Jason Chimera.
11:50 of 1st period - Shot Misses the Net.
12:30 of 1st period - Paul Bissonnette is hit by Petteri Lindbohm and loses puck.
12:35 of 1st period - Slapshot by Aaron Ness.
12:35 of 1st period - Stopped by Johan Gustafsson with a rebound.
12:37 of 1st period - Wrist shot by Wacey Hamilton.
12:37 of 1st period - Stopped by Johan Gustafsson with a rebound.
12:39 of 1st period - Slapshot by Wacey Hamilton.
12:39 of 1st period - Stopped by Johan Gustafsson with a rebound.
13:05 of 1st period - Wrist shot by Brody Sutter.
13:05 of 1st period - Stopped by Drew MacIntyre without a rebound.
13:06 of 1st period - Brody Sutter wins face-off versus Domenic Monardo in Checkers zone.
15:30 of 1st period - Tim Gleason is hit by Wacey Hamilton and loses puck.
15:45 of 1st period - Wrist shot by Sean Backman.
15:45 of 1st period - Shot Blocked by Frederic St. Denis.
15:47 of 1st period - Snap shot by Triston Grant.
15:47 of 1st period - Deflect By Tim Gleason.
15:47 of 1st period - Shot Misses the Net.
15:47 of 1st period - Puck is out of play.
15:48 of 1st period - Brody Sutter wins face-off versus Domenic Monardo in Admirals NSH zone.
16:24 of 1st period - Slapshot by Brody Sutter.
16:24 of 1st period - Shot Misses the Net.
17:45 of 1st period - 10 Minutes Misconduct Penalty to Brad Winchester is over.
17:49 of 1st period - Paul Bissonnette is hit by Sean Backman and loses puck.
18:30 of 1st period - Peter Harrold is hit by Mike Blunden and loses puck.
18:42 of 1st period - Minor Penalty to Fredrik Claesson for Interference.
18:43 of 1st period - Michael Bournival wins face-off versus Brad Winchester in Admirals NSH zone.
18:44 of 1st period - Slapshot by Ben Chiarot.
18:44 of 1st period - Deflect By Brandon Mashinter.
18:44 of 1st period - Stopped by Johan Gustafsson with a rebound.
18:56 of 1st period - Snap shot by Michael Bournival.
18:56 of 1st period - Goal by Michael Bournival - Admirals NSH : 0 - Checkers : 1.
18:57 of 1st period - Allan McPherson wins face-off versus Domenic Monardo in neutral zone.
19:08 of 1st period - Slapshot by Tim Gleason.
19:08 of 1st period - Shot Blocked by Domenic Monardo.
19:10 of 1st period - Snap shot by Frazer McLaren.
19:10 of 1st period - Stopped by Drew MacIntyre with a rebound.
19:12 of 1st period - Wrist shot by Frazer McLaren.
19:12 of 1st period - Stopped by Drew MacIntyre with a rebound.
19:33 of 1st period - Off-side.
19:34 of 1st period - Brody Sutter wins face-off versus Andrew Ebbett in neutral zone.
19:45 of 1st period - Slapshot by Jason Chimera.
19:45 of 1st period - Shot Misses the Net.
Goals for this period are 0 for Admirals NSH vs 1 for Checkers.
Shots for this period are 10 for Admirals NSH vs 7 for Checkers.

2nd period


0:01 of 2nd period - Andrew Desjardins wins face-off versus Michael Bournival in neutral zone.
0:26 of 2nd period - Wrist shot by Michael Pelech.
0:26 of 2nd period - Shot Misses the Net.
0:28 of 2nd period - Slapshot by Andrew Desjardins.
0:28 of 2nd period - Stopped by Drew MacIntyre with a rebound.
0:30 of 2nd period - Snap shot by Brad Winchester.
0:30 of 2nd period - Shot Misses the Net.
0:32 of 2nd period - Slapshot by Fredrik Claesson.
0:32 of 2nd period - Shot Misses the Net.
0:34 of 2nd period - Snap shot by Cameron Schilling.
0:34 of 2nd period - Shot Misses the Net.
0:36 of 2nd period - Snap shot by Brad Winchester.
0:36 of 2nd period - Stopped by Drew MacIntyre without a rebound.
0:37 of 2nd period - Brody Sutter wins face-off versus Andrew Ebbett in Checkers zone.
0:41 of 2nd period - Minor Penalty to Jason Chimera for Hooking.
0:42 of 2nd period - Wacey Hamilton wins face-off versus Brody Sutter in Checkers zone.
1:02 of 2nd period - Wrist shot by Brody Sutter.
1:02 of 2nd period - Shot Misses the Net.
1:04 of 2nd period - Wrist shot by Wade Megan.
1:04 of 2nd period - Shot Blocked by Domenic Monardo.
1:06 of 2nd period - Slapshot by Tim Gleason.
1:06 of 2nd period - Stopped by Drew MacIntyre with a rebound.
2:41 of 2nd period - Penalty to Jason Chimera is over, Jason Chimera is back on ice.
2:43 of 2nd period - Wrist shot by Brad Winchester.
2:43 of 2nd period - Stopped by Drew MacIntyre with a rebound.
3:22 of 2nd period - Fredrik Claesson is hit by Sean Backman and loses puck.
3:55 of 2nd period - Snap shot by Michael Bournival.
3:55 of 2nd period - Stopped by Johan Gustafsson with a rebound.
3:57 of 2nd period - Slapshot by Alexey Marchenko.
3:57 of 2nd period - Shot Hit the Post.
3:59 of 2nd period - Slapshot by Ben Chiarot.
3:59 of 2nd period - Stopped by Johan Gustafsson with a rebound.
4:48 of 2nd period - Snap shot by Jamie Wise.
4:48 of 2nd period - Deflect By Jim O'Brien.
4:48 of 2nd period - Stopped by Drew MacIntyre with a rebound.
4:50 of 2nd period - Backhand shot by Victor Bartley.
4:50 of 2nd period - Shot Blocked by Andrew Ebbett.
5:15 of 2nd period - Willie Coetzee is hit by Mike Blunden and loses puck.
5:25 of 2nd period - Josh Gratton and Michael Pelech fight to a draw.
5:25 of 2nd period - Penalty to Josh Gratton for Fighting.
5:25 of 2nd period - Penalty to Michael Pelech for Fighting.
5:26 of 2nd period - Andrew Desjardins wins face-off versus Michael Bournival in neutral zone.
6:21 of 2nd period - Off-side.
6:22 of 2nd period - Wacey Hamilton wins face-off versus Andrew Desjardins in neutral zone.
7:22 of 2nd period - Slapshot by Nikita Nesterov.
7:22 of 2nd period - Stopped by Drew MacIntyre with a rebound.
7:24 of 2nd period - Slapshot by Nikita Nesterov.
7:24 of 2nd period - Stopped by Drew MacIntyre with a rebound.
7:26 of 2nd period - Slapshot by Brad Winchester.
7:26 of 2nd period - Shot Misses the Net.
8:52 of 2nd period - Wrist shot by Mike Blunden.
8:52 of 2nd period - Shot Misses the Net.
8:54 of 2nd period - Slapshot by Mike Blunden.
8:54 of 2nd period - Shot Blocked by Ben Chiarot.
8:56 of 2nd period - Slapshot by Brody Sutter.
8:56 of 2nd period - Shot Misses the Net.
8:58 of 2nd period - Wrist shot by Mike Blunden.
8:58 of 2nd period - Shot Misses the Net.
9:24 of 2nd period - Sean Backman is hit by Brad Winchester.
10:04 of 2nd period - Snap shot by Michael Bournival.
10:04 of 2nd period - Shot Misses the Net.
10:06 of 2nd period - Slapshot by Petteri Lindbohm.
10:06 of 2nd period - Shot Blocked by Victor Bartley.
10:08 of 2nd period - Snap shot by Aaron Ness.
10:08 of 2nd period - Deflect By Brandon Mashinter.
10:08 of 2nd period - Shot Misses the Net.
10:08 of 2nd period - Puck is out of play.
10:09 of 2nd period - Andrew Gordon wins face-off versus Allan McPherson in Admirals NSH zone.
10:18 of 2nd period - Snap shot by Andrew Gordon.
10:18 of 2nd period - Stopped by Johan Gustafsson with a rebound.
10:20 of 2nd period - Slapshot by Julien Brouillette.
10:20 of 2nd period - Deflect By Paul Bissonnette.
10:20 of 2nd period - Stopped by Johan Gustafsson without a rebound.
10:21 of 2nd period - Brody Sutter wins face-off versus Michael Bournival in Admirals NSH zone.
11:53 of 2nd period - Petteri Lindbohm is hit by Brody Sutter and loses puck.
12:39 of 2nd period - Ben Chiarot is hit by Jamie Wise and loses puck.
13:10 of 2nd period - Snap shot by Nikita Nesterov.
13:10 of 2nd period - Shot Misses the Net.
13:27 of 2nd period - Minor Penalty to Domenic Monardo for Slashing.
13:28 of 2nd period - Brody Sutter wins face-off versus Jim O'Brien in Checkers zone.
13:47 of 2nd period - Snap shot by Jim O'Brien.
13:47 of 2nd period - Stopped by Johan Gustafsson without a rebound.
13:48 of 2nd period - Jim O'Brien wins face-off versus Pierre-Cedric Labrie in Admirals NSH zone.
14:50 of 2nd period - Sean Backman is hit by Pierre-Cedric Labrie and loses puck.
15:27 of 2nd period - Penalty to Domenic Monardo is over, Domenic Monardo is back on ice.
15:54 of 2nd period - Julien Brouillette is hit by Mike Blunden and loses puck.
16:41 of 2nd period - Backhand shot by Mike Blunden.
16:41 of 2nd period - Stopped by Drew MacIntyre without a rebound.
16:42 of 2nd period - Andrew Ebbett wins face-off versus Brody Sutter in Checkers zone.
17:11 of 2nd period - Slapshot by Alexey Marchenko.
17:11 of 2nd period - Shot Misses the Net.
17:37 of 2nd period - Wrist shot by Sean Backman.
17:37 of 2nd period - Stopped by Johan Gustafsson with a rebound.
17:39 of 2nd period - Slapshot by Petteri Lindbohm.
17:39 of 2nd period - Shot Blocked by Nikita Nesterov.
18:28 of 2nd period - Off-side.
18:29 of 2nd period - Brody Sutter wins face-off versus Wacey Hamilton in neutral zone.
18:44 of 2nd period - Snap shot by Willie Coetzee.
18:44 of 2nd period - Shot Misses the Net.
19:02 of 2nd period - Wrist shot by Michael Bournival.
19:02 of 2nd period - Stopped by Johan Gustafsson with a rebound.
19:10 of 2nd period - Wrist shot by Andrew Gordon.
19:10 of 2nd period - Stopped by Johan Gustafsson with a rebound.
19:12 of 2nd period - Snap shot by Andrew Gordon.
19:12 of 2nd period - Shot Blocked by Tim Gleason.
19:14 of 2nd period - Wrist shot by Brandon Mashinter.
19:14 of 2nd period - Stopped by Johan Gustafsson with a rebound.
19:32 of 2nd period - Slapshot by Sean Backman.
19:32 of 2nd period - Stopped by Johan Gustafsson with a rebound.
19:34 of 2nd period - Slapshot by Ben Chiarot.
19:34 of 2nd period - Shot Blocked by Victor Bartley.
19:36 of 2nd period - Backhand shot by Ben Chiarot.
19:36 of 2nd period - Stopped by Johan Gustafsson with a rebound.
19:38 of 2nd period - Slapshot by Alexey Marchenko.
19:38 of 2nd period - Deflect By Sean Backman.
19:38 of 2nd period - Stopped by Johan Gustafsson with a rebound.
19:40 of 2nd period - Slapshot by Ben Chiarot.
19:40 of 2nd period - Stopped by Johan Gustafsson with a rebound.
19:42 of 2nd period - Slapshot by Alexey Marchenko.
19:42 of 2nd period - Stopped by Johan Gustafsson without a rebound.
19:43 of 2nd period - Wacey Hamilton wins face-off versus Jamie Wise in Admirals NSH zone.
Goals for this period are 0 for Admirals NSH vs 0 for Checkers.
Shots for this period are 8 for Admirals NSH vs 14 for Checkers.

3rd period


0:01 of 3rd period - Brody Sutter wins face-off versus Andrew Ebbett in neutral zone.
0:18 of 3rd period - Mike Blunden is hit by Jason Chimera and loses puck.
0:55 of 3rd period - Slapshot by Aaron Ness.
0:55 of 3rd period - Stopped by Johan Gustafsson without a rebound.
0:56 of 3rd period - Andrew Desjardins wins face-off versus Domenic Monardo in Admirals NSH zone.
1:56 of 3rd period - Wade Megan is hit by Andrew Gordon and loses puck.
2:05 of 3rd period - Snap shot by Michael Bournival.
2:05 of 3rd period - Stopped by Johan Gustafsson with a rebound.
2:07 of 3rd period - Wrist shot by Alexey Marchenko.
2:07 of 3rd period - Stopped by Johan Gustafsson with a rebound.
2:09 of 3rd period - Snap shot by Michael Bournival.
2:09 of 3rd period - Stopped by Johan Gustafsson without a rebound.
2:09 of 3rd period - Minor Penalty to Johan Gustafsson for Slashing.
2:10 of 3rd period - Michael Pelech wins face-off versus Andrew Ebbett in Admirals NSH zone.
2:10 of 3rd period - Michael Pelech is hit by Jason Chimera.
2:26 of 3rd period - Wrist shot by Jason Chimera.
2:26 of 3rd period - Shot Blocked by Tim Gleason.
2:58 of 3rd period - Snap shot by Michael Bournival.
2:58 of 3rd period - Shot Misses the Net.
3:00 of 3rd period - Wrist shot by Michael Bournival.
3:00 of 3rd period - Shot Blocked by Tim Gleason.
3:20 of 3rd period - Slapshot by Michael Bournival.
3:20 of 3rd period - Shot Hit the Post.
3:22 of 3rd period - Wrist shot by Brandon Mashinter.
3:22 of 3rd period - Stopped by Johan Gustafsson with a rebound.
4:09 of 3rd period - Penalty to Mike Blunden is over, Mike Blunden is back on ice.
4:41 of 3rd period - Off-side.
4:42 of 3rd period - Wade Megan wins face-off versus Willie Coetzee in neutral zone.
4:44 of 3rd period - Off-side.
4:45 of 3rd period - Wade Megan wins face-off versus Wacey Hamilton in neutral zone.
6:02 of 3rd period - Slapshot by Sean Backman.
6:02 of 3rd period - Shot Blocked by Fredrik Claesson.
6:48 of 3rd period - Wrist shot by Michael Pelech.
6:48 of 3rd period - Stopped by Drew MacIntyre without a rebound.
6:49 of 3rd period - Andrew Desjardins wins face-off versus Michael Bournival in Checkers zone.
7:06 of 3rd period - Snap shot by Jamie Wise.
7:06 of 3rd period - Shot Blocked by Andrew Gordon.
7:12 of 3rd period - Brandon Mashinter is hit by Allan McPherson and loses puck.
7:25 of 3rd period - Snap shot by Brandon Mashinter.
7:25 of 3rd period - Shot Blocked by Cameron Schilling.
7:48 of 3rd period - Wrist shot by Mike Blunden.
7:48 of 3rd period - Shot Blocked by Wacey Hamilton.
7:50 of 3rd period - Backhand shot by Victor Bartley.
7:50 of 3rd period - Stopped by Drew MacIntyre with a rebound.
8:13 of 3rd period - Wrist shot by Michael Pelech.
8:13 of 3rd period - Stopped by Drew MacIntyre without a rebound.
8:14 of 3rd period - Andrew Desjardins wins face-off versus Andrew Ebbett in Checkers zone.
9:03 of 3rd period - Snap shot by Brad Winchester.
9:03 of 3rd period - Stopped by Drew MacIntyre without a rebound.
9:04 of 3rd period - Brad Winchester wins face-off versus Domenic Monardo in Checkers zone.
9:37 of 3rd period - Sean Backman is hit by Wade Megan and loses puck.
9:38 of 3rd period - Sean Backman from Checkers is injured at 9:38 of 3rd period (Right Leg).
9:39 of 3rd period - Michael Pelech wins face-off versus Andrew Ebbett in Checkers zone.
9:40 of 3rd period - Slapshot by Tim Gleason.
9:40 of 3rd period - Shot Blocked by Petteri Lindbohm.
9:42 of 3rd period - Snap shot by Andrew Desjardins.
9:42 of 3rd period - Shot Misses the Net.
9:44 of 3rd period - Slapshot by Victor Bartley.
9:44 of 3rd period - Shot Blocked by Peter Harrold.
10:14 of 3rd period - Slapshot by Michael Pelech.
10:14 of 3rd period - Stopped by Drew MacIntyre with a rebound.
10:24 of 3rd period - Victor Bartley is hit by Petteri Lindbohm and loses puck.
11:40 of 3rd period - Brad Winchester is hit by Triston Grant and loses puck.
12:40 of 3rd period - Mike Blunden is hit by Domenic Monardo and loses puck.
13:22 of 3rd period - Peter Harrold is hit by Victor Bartley and loses puck.
13:51 of 3rd period - Slapshot by Nikita Nesterov.
13:51 of 3rd period - Shot Misses the Net.
13:53 of 3rd period - Slapshot by Frederic St. Denis.
13:53 of 3rd period - Shot Misses the Net.
13:55 of 3rd period - Wrist shot by Nikita Nesterov.
13:55 of 3rd period - Shot Blocked by Petteri Lindbohm.
14:15 of 3rd period - Slapshot by Nikita Nesterov.
14:15 of 3rd period - Shot Blocked by Petteri Lindbohm.
14:17 of 3rd period - Wrist shot by Mike Blunden.
14:17 of 3rd period - Shot Misses the Net.
14:19 of 3rd period - Snap shot by Wade Megan.
14:19 of 3rd period - Stopped by Drew MacIntyre with a rebound.
15:00 of 3rd period - Frederic St. Denis is hit by Wacey Hamilton and loses puck.
15:41 of 3rd period - Slapshot by Alexey Marchenko.
15:41 of 3rd period - Stopped by Johan Gustafsson with a rebound.
15:58 of 3rd period - Off-side.
15:59 of 3rd period - Wacey Hamilton wins face-off versus Frazer McLaren in neutral zone.
17:18 of 3rd period - Peter Harrold is hit by Michael Pelech and loses puck.
17:37 of 3rd period - Snap shot by Mike Blunden.
17:37 of 3rd period - Shot Blocked by Peter Harrold.
17:39 of 3rd period - Minor Penalty to Josh Gratton for Holding.
17:40 of 3rd period - Wacey Hamilton wins face-off versus Brody Sutter in Checkers zone.
17:53 of 3rd period - Slapshot by Nikita Nesterov.
17:53 of 3rd period - Shot Misses the Net.
18:54 of 3rd period - Icing by Wade Megan.
18:55 of 3rd period - Wacey Hamilton wins face-off versus Andrew Desjardins in Admirals NSH zone.
19:04 of 3rd period - Peter Harrold is hit by Brad Winchester and loses puck.
19:07 of 3rd period - Admirals NSH, Johan Gustafsson is pulled from the net.
19:39 of 3rd period - Penalty to Josh Gratton is over, Josh Gratton is back on ice.
Goals for this period are 0 for Admirals NSH vs 0 for Checkers.
Shots for this period are 6 for Admirals NSH vs 6 for Checkers.